Map: Efeméride LE

Players

LowLinK - Winner!

  • Race: Protoss Protoss
  • League: Platinum
  • Spawn Location: 5:00

JoeyHands

  • Race: Terran Terran
  • League: Platinum
  • Spawn Location: 11:00

VOD

Have the link to the VOD?

Description

Time

  • Played on: Feb. 16, 2020, 9:27 a.m.
  • Length: 4:56
Show
View Real Time Build Order
Export as new Build Order

LowLinK Protoss - Winner!

Build Orders:  

Get SALT Encoding   

  12  0:01  Probe  
  13  0:13  Probe  
  14  0:18  Pylon  
  14  0:25  Probe  
  15  0:37  Probe (Chrono Boost)  
  15  0:39  Gateway  
  16  0:44  Assimilator  
  16  0:49  Probe (Chrono Boost)  
  17  0:56  Probe (Chrono Boost)  
  18  1:01  Assimilator  
  18  1:03  Probe  
  19  1:15  Probe  
  20  1:25  Pylon  
  20  1:27  Cybernetics Core  
  20  1:28  Probe  
  20  1:29  Zealot  
  23  1:43  Probe  
  24  1:56  Probe  
  24  1:57  Pylon  
  24  2:01  Warp Gate (Chrono Boost)  
  25  2:04  Stalker  
  27  2:15  Gateway  
  27  2:20  Gateway  
  27  2:40  Pylon  
  27  2:44  Adept  
  29  2:58  Gateway  
  29  2:59  Gateway  
  29  3:02  Gateway  
  29  3:05  Pylon  
  31  3:13  Sentry (Chrono Boost)  
  31  3:42  Adept x2  
  35  3:52  Stalker  
  35  3:53  Stalker  
  39  3:57  Adept  
  39  3:59  Stalker  
  43  4:03  Stalker  
  45  4:16  Sentry  
  47  4:17  Stalker  
  47  4:19  Sentry  
  51  4:26  Pylon  
  51  4:32  Stalker x2  
  55  4:52  Pylon, Stalker  
  57  4:54  Sentry  
Show
View Real Time Build Order
Export as new Build Order

JoeyHands Terran 

Build Orders:  

Get SALT Encoding   

  12  0:01  SCV  
  13  0:13  SCV  
  14  0:20  Supply Depot  
  14  0:25  SCV  
  15  0:41  SCV  
  16  0:44  Barracks  
  16  0:54  SCV  
  17  1:06  SCV  
  18  1:19  Command Center  
  18  1:31  Orbital Command  
  18  1:36  Bunker  
  18  1:37  Marine  
  19  1:57  Marine  
  20  2:06  Supply Depot  
  20  2:15  Command Center  
  20  2:18  SCV  
  20  2:20  Marine  
  22  2:33  Orbital Command  
  22  2:40  SCV  
  22  2:43  Refinery x2  
  23  2:45  Refinery  
  23  2:46  Marine  
  24  2:59  SCV x2  
  24  3:02  Refinery  
  26  3:11  SCV  
  28  3:12  SCV  
  28  3:23  SCV  
  28  3:25  SCV  
  30  3:29  Engineering Bay, Orbital Command  
  30  3:35  SCV  
  30  3:37  SCV  
  30  3:38  Marine  
  33  3:47  SCV  
  33  3:48  Factory  
  34  3:49  SCV  
  35  3:56  Marine  
  35  3:59  SCV  
  35  4:01  SCV, Missile Turret  
  38  4:04  Missile Turret  
  38  4:05  SCV  
  39  4:12  SCV  
  39  4:13  Missile Turret  
  39  4:14  SCV  
  41  4:17  SCV  
  41  4:19  Marine  
  41  4:24  SCV  
  44  4:32  Missile Turret, Widow Mine  
  44  4:38  SCV x3  
  49  4:39  Starport  
Tags
 
Add a new tag
Caveats
  • Supply blocks, unpowered buildings, or Contaminate may cause inaccurate times.
  • Supply counts are checked every 10 seconds.